 Dungeon Crawl Stone Soup version 0.31-a0-963-ga325b2283a (webtiles) character file.

Game seed: 1795269456419714855

366762 Turgor the Skinwalker (level 21, -19/199 (200) HPs)
             Began as a Grey Draconian Shapeshifter on Oct 23, 2023.
             Was a High Priest of Wu Jian.
             Killed from afar by a fire dragon (28 damage)
             ... with a blast of flame
             ... on level 1 of the Depths on Oct 25, 2023.
             The game lasted 06:38:57 (47119 turns).

Turgor the Skinwalker (DrSh)                       Turns: 47119, Time: 06:38:58

HP:   -19/199 (200) AC: 30    Str: 18    XL:     21   Next: 60%
MP:   33/34         EV: 33    Int: 16    God:    Wu Jian [*****.]
Gold: 2329          SH:  0    Dex: 29    Spells: 17/38 levels left

rFire   . . .        n - +9 staff of Olgreb {rPois∞}
rCold   . . .        (no shield)
rNeg    . . .        (body armour unavailable)
rPois   ∞            r - +2 hat "Vut Buvo" {rCorr Str+2}
rElec   +            p - +2 cloak
rCorr   +            O - +2 pair of gloves {Dex+3}
SInv    .            S - +1 pair of boots
Will    ++...        Y - amulet "Neipoamm" {RegenMP rElec rCorr}
Stlth   +            c - ring of Gotovoekk {Int+3 Dex+6 Slay+2}
HPRegen 0.53/turn    v - ring "Ithagh" {Will+ AC+4}
MPRegen 0.64/turn

%: no passive effects
@: exhausted, maw-form, in a heavenly storm, glowing, lightly drained
A: devouring maw, AC +16, amphibious, unfitting armour, cold-blooded
}: 2/15 runes: barnacled, gossamer
a: Begin Untransformation, Renounce Religion, Evoke the Staff of Olgreb, Wall
Jump, Serpent's Lash, Heavenly Storm


You were on level 1 of the Depths.
You worshipped Wu Jian.
Wu Jian was extremely pleased with you.
You were a creature with a mouth for a stomach.
You visited 9 branches of the dungeon, and saw 39 of its levels.
You also visited: Gauntlet and Ice Cave.

You collected 4997 gold pieces.
You spent 2668 gold pieces at shops.

Inventory:

Hand Weapons
 e - the +3 Elemental Staff {ele, rElec rF+ rC+ AC+3}
   (You took it off a deep elf pyromancer on level 3 of the Elven Halls)

   AC+3:      It affects your AC (+3).
   rF+:       It protects you from fire.
   rC+:       It protects you from cold.
   rElec:     It insulates you from electricity.
 n - the +9 staff of Olgreb (weapon) {rPois∞}
   (You took it off a deep elf pyromancer on level 3 of the Elven Halls)

   Radiate:   It can be activated via the 'a'bility menu to radiate toxic
   energy, with effectiveness depending on Evocations skill.
   Pois:      It enhances your poison magic.
   rPois∞: It grants immunity to poison.
Missiles
 l - 4 silver javelins
 E - 8 curare-tipped darts (quivered)
Armour
 p - a +2 cloak (worn)
 r - the +2 hat "Vut Buvo" (worn) {rCorr Str+2}
   (You found it in a Gauntlet)

   Str+2:     It affects your strength (+2).
   rCorr:     It protects you from acid and corrosion.
 u - the orb of Lethargy {*Rage, rC+ Int+3}
   (You found it on level 12 of the Dungeon)

   Int+3:     It affects your intelligence (+3).
   rC+:       It protects you from cold.
 H - the +3 hat of the Furies {Regen+ Str-5 Int+8 SInv}
   (You found it on level 4 of the Spider Nest)

   Str-5:     It affects your strength (-5).
   Int+8:     It affects your intelligence (+8).
   SInv:      It lets you see invisible.
   Regen+:    It increases your rate of health regeneration.
 O - a +2 pair of gloves of dexterity (worn)
 S - a +1 pair of boots (worn)
Jewellery
 c - the ring of Gotovoekk (left hand) {Int+3 Dex+6 Slay+2}
   (You acquired it on level 2 of the Vaults)

   [ring of dexterity]

   Int+3:     It affects your intelligence (+3).
   Dex+6:     It affects your dexterity (+6).
   Slay+2:    It affects your accuracy & damage with ranged weapons and melee
   (+2).
 h - a +6 ring of strength
 i - the ring of Tulips {rF+ rC+ Slay+2}
   (You found it on level 3 of the Elven Halls)

   [ring of protection from fire]

   Slay+2:    It affects your accuracy & damage with ranged weapons and melee
   (+2).
   rF+:       It protects you from fire.
   rC+:       It protects you from cold.
 v - the ring "Ithagh" (right hand) {Will+ AC+4}
   (You took it off a minotaur in a Gauntlet)

   [ring of protection]

   AC+4:      It affects your AC (+4).
   Will+:     It increases your willpower.
 Q - a ring of positive energy
 X - an amulet of the acrobat
 Y - the amulet "Neipoamm" (around neck) {RegenMP rElec rCorr}
   (You took it off a merfolk javelineer on level 4 of the Shoals)

   [amulet of magic regeneration]

   RegenMP:   It increases your rate of magic regeneration.
   rElec:     It insulates you from electricity.
   rCorr:     It protects you from acid and corrosion.
Talismans
 m - a blade talisman
 R - a maw talisman (active)
 W - a talisman of death
Wands
 a - a wand of light (15)
 k - a wand of polymorph (20)
 I - a wand of digging (17)
Scrolls
 f - 7 scrolls of teleportation
 g - 3 scrolls of revelation
 o - 3 scrolls of butterflies
 s - 8 scrolls of immolation
 t - 6 scrolls of fog
 w - 8 scrolls of vulnerability
 y - 4 scrolls of blinking
 A - 5 scrolls of silence
 K - 4 scrolls of fear
 M - 4 scrolls of poison
Potions
 b - 4 potions of mutation
 j - 2 potions of heal wounds
 x - a potion of cancellation
 z - 8 potions of curing
 C - 6 potions of brilliance
 D - 3 potions of magic
 F - a potion of invisibility
 G - 6 potions of ambrosia
 L - 8 potions of enlightenment
 N - 2 potions of attraction
 P - 7 potions of might
 T - 3 potions of resistance
 U - 7 potions of lignification
 V - 3 potions of haste
Miscellaneous
 d - a phial of floods (inert)
 q - a tin of tremorstones (inert)
 B - a lightning rod (4/4)
 J - a sack of spiders
 Z - a phantom mirror


   Skills:
 + Level 19.7 Fighting
 + Level 1.1 Staves
 + Level 12.4 Dodging
 + Level 18.0 Unarmed Combat
 - Level 9.0 Spellcasting
 - Level 4.0 Conjurations
 - Level 10.0 Necromancy
 - Level 12.0 Earth Magic
 - Level 9.0 Poison Magic
 * Level 21.8 Shapeshifting


You had 17 spell levels left.
You knew the following spells:

 Your Spells              Type           Power      Damage    Failure   Level
a - Olgreb's Toxic Radia  Pois           52%        N/A       2%          4
b - Brom's Barrelling Bo  Conj/Erth      32%        2d5       3%          4
c - Borgnjor's Vile Clut  Necr/Erth      21%        N/A       3%          5
d - Lee's Rapid Deconstr  Erth           22%        3d13*     1%          5
e - Apportation           Tloc           14%        N/A       10%         1
s - Sublimation of Blood  Necr           39%        N/A       1%          2

Your spell library contained the following spells:

 Spells                   Type           Power      Damage    Failure   Level
 Kiss of Death            Conj/Necr      100%       2d13      1%          1
 Magic Dart               Conj           80%        1d7       1%          1
 Sandblast                Erth           90%        2d19      1%          1
 Sting                    Tmut/Pois      100%       1d8       1%          1
 Passwall                 Tmut/Erth      21%        N/A       1%          2
 Stone Arrow              Conj/Erth      64%        3d11      1%          3
 Vampiric Draining        Necr           39%        2d8       1%          3
 Animate Dead             Necr           39%        N/A       1%          4
 Dispel Undead            Necr           39%        3d16      1%          4
 Poisonous Vapours        Pois/Air       64%        N/A       2%          2
 Foxfire                  Conj/Fire      52%        2x1d6     4%          1
 Shock                    Conj/Air       52%        1d6       4%          1
 Agony                    Necr           39%        N/A       4%          5
 Mephitic Cloud           Conj/Pois/Air  31%        N/A       5%          3
 Static Discharge         Conj/Air       26%        3-5/arc   7%          2
 Leda's Liquefaction      Hex/Erth       13%        N/A       9%          4
 Petrify                  Tmut/Erth      26%        N/A       9%          4
 Freeze                   Ice            28%        1d5       10%         1
 Slow                     Hex            28%        N/A       10%         1
 Summon Small Mammal      Summ           28%        N/A       10%         1
 Dazzling Flash           Conj/Hex       26%        N/A       13%         3
 Hailstorm                Conj/Ice       13%        3d5       13%         3
 Jinxbite                 Hex            14%        N/A       16%         2
 Wereblood                Tmut           7%         N/A       16%         2
 Death Channel            Necr           19%        N/A       26%         6
 Call Canine Familiar     Summ           7%         N/A       30%         3
 Confusing Touch          Hex            7%         N/A       30%         3
 Frozen Ramparts          Ice            14%        1d3       30%         3
 Ozocubu's Armour         Ice            7%         N/A       30%         3
 Sigil of Binding         Hex            7%         N/A       30%         3
 Summon Guardian Golem    Hex/Summ       7%         N/A       30%         3
 Swiftness                Air            7%         N/A       30%         3
 Volatile Blastmotes      Fire/Tloc      14%        2d11      30%         3
 Alistair's Intoxication  Tmut/Pois      21%        N/A       41%         5
 Iskenderun's Battlesphe  Conj           20%        2d7       47%         5
 Airstrike                Air            3%         2d(1-17)  69%         4
 Cause Fear               Hex            3%         N/A       69%         4
 Dimensional Bullseye     Hex/Tloc       3%         N/A       69%         4
 Manifold Assault         Tloc           7%         N/A       69%         4
 Summon Ice Beast         Ice/Summ       7%         N/A       69%         4
 Summon Lightning Spire   Summ/Air       7%         N/A       69%         4
 Fireball                 Conj/Fire      6%         3d5       77%         5
 Irradiate                Conj/Tmut      6%         3d13      77%         5
 Freezing Cloud           Conj/Ice/Air   5%         6-21      86%         5
 Simulacrum               Ice/Necr       11%        N/A       89%         6
 Eringya's Noxious Bog    Tmut/Pois      16%        4d6       94%         6
 Metabolic Englaciation   Hex/Ice        3%         N/A       95%         5
 Silence                  Hex/Air        3%         N/A       95%         5
 Summon Mana Viper        Hex/Summ       7%         N/A       95%         5
 Conjure Ball Lightning   Conj/Air       6%         3x3d6     100%        6
 Dispersal                Tloc           3%         N/A       100%        6
 Plasma Beam              Fire/Air       3%         2x1d13    100%        6
 Starburst                Conj/Fire      6%         6d4       100%        6
 Malign Gateway           Summ/Tloc      3%         N/A       100%        7
 Orb of Destruction       Conj           10%        9d6       100%        7
 Ozocubu's Refrigeration  Ice            3%         4d8       100%        7
 Spellforged Servitor     Conj/Summ      6%         N/A       100%        7
 Summon Hydra             Summ           3%         N/A       100%        7
 Discord                  Hex            3%         N/A       100%        8
 Disjunction              Tloc           3%         N/A       100%        8
 Ignition                 Fire           3%         3d4       100%        8
 Lehudib's Crystal Spear  Conj/Erth      16%        10d5      100%        8
 Maxwell's Capacitive Co  Air            3%         ∞         100%        8
 Summon Horrible Things   Summ           3%         N/A       100%        8
 Chain Lightning          Conj/Air       6%         3d8       100%        9
 Fire Storm               Conj/Fire      6%         8d2       100%        9
 Polar Vortex             Ice            3%         N/A       100%        9
 Shatter                  Erth           22%        3d20*     100%        9
 Animate Armour           Summ/Erth      Unusable   N/A       N/A         4

Dungeon Overview and Level Annotations

Branches:
Dungeon (15/15)            Temple (1/1) D:5            Lair (5/5) D:11
 Shoals (4/4) Lair:2       Spider (4/4) Lair:2        Slime (0/5) Lair:5
    Orc (2/2) D:10            Elf (3/3) Orc:2        Vaults (4/5) D:13
  Crypt (0/3) Vaults:3     Depths (1/4) D:15          IceCv (visited)
Gauntlet (visited)

Altars:
Ashenzari
Cheibriados
Dithmenos
Elyvilon
Fedhas
Gozag
Hepliaklqana
Kikubaaqudgha
Makhleb
Nemelex Xobeh
Okawaru
Qazlal
Ru
Sif Muna
Trog
Uskayaw
Vehumet
Wu Jian
Xom
Yredelemnul
Zin
The Shining One
Jiyva

Shops:
D:1 [   D:3 (   D:4 :   D:13 :   D:14 *   Orc:2 ((*!:   Elf:2 [   Elf:3 :
Vaults:2 !

Portals:
Trove: Vaults:1 (give 14 scrolls of teleportation)

Annotations:
Lair:5 exclusion: 3 oklob plants
Spider:4 2 runed translucent doors, Ofeolo's ghost, adept VSHs


Innate Abilities, Weirdness & Mutations

You are a creature with a mouth for a stomach.
Your midsection houses a second, enormous mouth.
Your dull iron-grey scales are very hard. (AC +16)
You are amphibious.
You cannot fit into any form of body armour.
You are cold-blooded and may be slowed by cold attacks.


Message History

A fire giant is wielding a +2 great sword of flaming.
A fire giant is wielding a +1 great sword of flaming.
Found 6 stones and 37 gold pieces.
As you read the scroll of blinking, it crumbles to dust.
The fire giant shouts!
The fire giant gestures at you while chanting.
The bolt of fire hits you but does no damage.
The fire giant moves out of view.
You feel much better.
You hear a shout!
The fire giant completely misses you.
Unknown command.
Unknown command.
Unknown command.
You hit the fire giant. You tail-slap the fire giant. You bite the fire giant!!
The fire giant is moderately wounded.
The fire giant casts a spell at you. The bolt of fire hits you.
Unknown command.
Unknown command.
You hit the fire giant but do no damage.
The fire giant is moderately wounded.
The fire giant points at you and mumbles some strange words.
The fireball explodes!
The fireball engulfs you!
* * * LOW HITPOINT WARNING * * *
The fireball engulfs the fire giant!
The fire giant resists.
Unknown command.
Unknown command.
You hit the fire giant but do no damage.
You punch the fire giant.
You bite the fire giant, but do no damage.
The fire giant is moderately wounded.
The fire giant completely misses you.
The spriggan air mage points at you and mumbles some strange words.
The bolt of lightning misses you. The fire giant casts a spell at you.
The bolt of fire hits you!!!
* * * LOW HITPOINT WARNING * * *
The fire dragon breathes flames at you. The blast of flame hits you!!
You die...

........... ##.$...$....
.###...........
........................
##.~~...............≈~..
#..~~○○○☼°..........~~~~
#.(~~°°C☼○..~~~...(~~≈≈≈
..~≈~☼°Wi○.~≈≈~~~~.~≈≈≈≈
.~~..°○°D°~≈≈≈≈u..uC~~≈~
.~...○C°iT≈~~~~.#.......
.~.............[u.~≈~~≈~
~.........~.~≈°([)~~≈≈≈≈
~.........~..i{C°~~≈≈≈≈~
.......~~≈~~☼DiT.~~~~≈~.
~~C~........☼E°u°.......
.#....°§#°°.~~~≈~~


You could see 2 fire giants, a fire dragon (catching breath), a deep troll
(fast, very poisoned) and 2 spriggan air magi.

Vanquished Creatures
  Mara (Shoals:3)
  A shard shrike (Elf:1)
  Jorgrun (Orc:2)
  3 deep elf blademasters
  2 krakens
  2 deep elf master archers (Elf:3)
  A storm dragon (Shoals:4)
  Ilsuiw (Shoals:3)
  A frost giant (Depths:1)
  4 deep elf sorcerers
  A ghoul (Vaults:3)
  2 ghost moths
  3 emperor scorpions
  5 deep elf elementalists (Elf:3)
  12 vault wardens
  A stone giant (Vaults:2)
  16 ironbound preservers
  5 broodmothers (Spider:4)
  7 ironbound thunderhulks
  3 formless jellyfish
  A war gargoyle (Vaults:2)
  7 deep elf annihilators
  4 deep elf demonologists
  A vampire knight (Vaults:3)
  Azrael (Orc:2)
  21 dire elephants
  A minotaur (Gauntlet)
  A spark wasp (Spider:2)
  8 deep elf death magi
  12 merfolk impalers
  An eidolon (Vaults:3)
  Snorg (Orc:2)
  7 merfolk javelineers
  8 yaktaur captains
  9 entropy weavers
  4 vault guards
  4 deep elf high priests
  3 ice dragons
  3 jorogumos
  2 hydras
  5 merfolk avatars
  A peacekeeper (Vaults:2)
  A rakshasa (D:15)
  11 ironbound frosthearts
  3 great orbs of eyes
  23 centaur warriors
  A catoblepas (Lair:4)
  An alligator snapping turtle (Shoals:1)
  23 dancing weapons
  2 deep troll shamans (Depths:1)
  6 merfolk aquamancers
  3 tengu warriors
  6 boulder beetles
  3 two-headed ogres
  2 occultists
  7 demonic crawlers
  10 deep elf knights
  Urug (Lair:2)
  A soul eater (Vaults:3)
  A fire crab (Lair:4)
  Sonja (Lair:5)
  7 skysharks
  3 sun moths
  A sixfirhy (Gauntlet)
  2 pharaoh ants
  9 orb spiders
  11 sea snakes
  A glowing orange brain (Vaults:4)
  52 deep trolls
  A bog body (IceCv)
  8 steelbarb worms
  Pikel (D:7)
  12 lindwurms
  21 wolf spiders
  11 deep elf archers
  9 orc knights (Orc:2)
  11 arcanists
  5 necromancers
  15 ironbound convokers
  26 deep elf zephyrmancers
  23 harpies
  13 manticores
  24 deep elf pyromancers
  12 cyclopes
  36 ugly things
  5 orc sorcerers
  4 fauns (Shoals:3)
  12 black mambas
  14 water nymphs
  2 moths of wrath (Spider:4)
  4 merfolk sirens
  10 vault sentinels
  9 elephants
  Maurice (D:8)
  A guardian serpent (shapeshifter) (D:15)
  2 ice statues (IceCv)
  A guardian serpent (Lair:5)
  Joseph (D:8)
  2 centaur zombies (D:15)
  2 gargoyles
  An apocalypse crab (Gauntlet)
  Maggie (D:7)
  21 cane toads
  4 torpor snails
  A rime drake (Lair:3)
  2 centaur skeletons (D:15)
  8 ice devils (IceCv)
  2 unseen horrors
  3 freezing wraiths (Elf:1)
  2 efreet (D:13)
  2 human zombies
  An unseen horror (shapeshifter) (Elf:3)
  An elf skeleton (Vaults:2)
  Jeremiah (D:7)
  A tengu conjurer (D:14)
  12 komodo dragons
  40 yaktaurs
  6 anaconda simulacra (IceCv)
  29 merfolk
  3 hornets (Lair:5)
  10 wind drakes
  8 trolls
  2 meliai (Spider:4)
  29 blink frogs
  22 tarantellas
  An iron dragon simulacrum (Vaults:2)
  A snapping turtle (Shoals:4)
  A stone giant simulacrum (Vaults:4)
  19 culicivoras
  29 slime creatures
  19 jumping spiders
  11 dream sheep
  An ettin skeleton (Vaults:4)
  28 water elementals
  9 air elementals
  4 wraiths
  3 dire elephant simulacra (IceCv)
  2 vampires
  2 basilisks (Lair:1)
  13 wyverns
  7 shadows
  A yak (shapeshifter) (D:12)
  Eustachio (D:4)
  7 fire elementals
  29 yaks
  2 steam dragons (D:6)
  An elf simulacrum (Vaults:4)
  A death yak simulacrum (IceCv)
  60 redbacks
  17 vampire mosquitoes
  A redback (shapeshifter) (Vaults:4)
  Edmund (D:6)
  A harpy simulacrum (IceCv)
  2 acid dragons
  8 wargs (Orc:2)
  19 water moccasins
  3 hell hounds
  2 ice beasts
  3 sky beasts (D:7)
  35 orc warriors
  7 boggarts
  3 black bears
  5 wolves (Lair:1)
  9 ogres
  8 centaurs
  2 phantoms
  2 human skeletons
  3 lemures (D:7)
  A kobold brigand (D:11)
  3 earth elementals
  8 bullfrogs
  A cane toad simulacrum (Orc:1)
  2 gnoll sergeants
  3 scorpions
  11 wights
  2 elephant simulacra
  16 killer bees
  7 electric eels
  7 howler monkeys
  7 jellies
  4 hounds
  14 orc priests
  4 iguanas
  Jessica (D:2)
  17 orc wizards
  A statue (D:7)
  3 spriggan simulacra (Orc:1)
  4 troll simulacra
  7 gnolls
  A naga simulacrum (Orc:1)
  8 adders
  A shadow imp (D:8)
  2 white imps
  4 ufetubi (Gauntlet)
  2 worms
  A dart slug (D:3)
  73 orcs
  5 ball pythons
  5 bats
  3 endoplasms
  6 goblins
  5 hobgoblins
  3 jackals (D:2)
  2 frilled lizards (D:1)
  15 kobolds
  6 rats
  3 tentacles
1530 creatures vanquished.

Vanquished Creatures (collateral kills)
  Rupert (Lair:5)
  A deep elf zephyrmancer (Elf:3)
  A snapping turtle (Shoals:4)
  A water elemental (Shoals:4)
  33 boulders
37 creatures vanquished.

Vanquished Creatures (others)
  A deep elf knight (Elf:2)
  A pharaoh ant (Spider:4)
  An elf simulacrum (Elf:1)
  A deep troll (Vaults:4)
  A merfolk (Shoals:4)
  A water elemental (Shoals:4)
  A quokka (D:14)
  37 boulders
  10 tentacles
54 creatures vanquished.

Grand Total: 1621 creatures vanquished

Notes
Turn   | Place    | Note
-------+----------+-------------------------------------------
     0 | D:1      | Turgor the Draconian Shapeshifter began the quest for the
                  | Orb.
     0 | D:1      | Reached XP level 1. HP: 16/16 MP: 1/1
   105 | D:1      | Found Iloizesod's Armour Boutique.
   141 | D:1      | Reached XP level 2. HP: 23/23 MP: 2/2
   368 | D:1      | You fall into a shaft and drop 1 floor!
   680 | D:2      | Reached XP level 3. HP: 24/29 MP: 3/3
   759 | D:2      | Noticed Jessica
   766 | D:2      | Killed Jessica
  1296 | D:3      | Reached XP level 4. HP: 31/36 MP: 4/4
  1388 | D:3      | Identified the +2 great sword "Wuruetish" {drain, rF++ rC+
                  | Str+2}
  1552 | D:3      | Found Latour's Antique Weapon Emporium.
  1681 | D:4      | Noticed a water moccasin
  1729 | D:4      | Reached skill level 4 in Shapeshifting
  1975 | D:4      | Found Jooff's Book Shoppe.
  2128 | D:4      | Reached XP level 5. HP: 42/42 MP: 5/5
  2235 | D:4      | Killed a water moccasin
  2330 | D:4      | Reached XP level 6. HP: 42/51 MP: 6/6
  2510 | D:4      | Noticed Eustachio
  2746 | D:4      | Reached skill level 5 in Shapeshifting
  2804 | D:5      | Entered Level 5 of the Dungeon
  3016 | D:5      | Your scales start taking on a dull iron-grey colour.
  3016 | D:5      | Reached XP level 7. HP: 55/58 MP: 7/7
  3419 | D:5      | Reached skill level 6 in Shapeshifting
  3432 | D:5      | Reached skill level 5 in Unarmed Combat
  3564 | D:5      | Found a hide-covered altar of Uskayaw.
  3581 | D:5      | Found a staircase to the Ecumenical Temple.
  3585 | D:5      | Reached XP level 8. HP: 67/67 MP: 8/8
  3593 | Temple   | Entered the Ecumenical Temple
  3608 | Temple   | Became a worshipper of the Wu Jian Council
  3864 | D:6      | Noticed Edmund
  3894 | D:6      | Killed Edmund
  4037 | D:6      | Reached skill level 5 in Fighting
  4723 | D:5      | Reached skill level 7 in Shapeshifting
  4980 | D:6      | Found a shimmering blue altar of Sif Muna.
  5076 | D:6      | Reached skill level 5 in Dodging
  5088 | D:6      | Reached XP level 9. HP: 75/75 MP: 9/9
  5210 | D:6      | Reached * piety under Wu Jian
  5562 | D:7      | Noticed Maggie
  5682 | D:7      | Reached skill level 8 in Shapeshifting
  5684 | D:7      | Noticed Pikel
  5778 | D:7      | Identified the +10 trident of the Vestibule of Hell {heavy,
                  | Drain Int+4 Dex+8}
  5778 | D:7      | Noticed Jeremiah
  5800 | D:8      | Noticed Joseph
  5847 | D:7      | Noticed a troll
  5868 | D:7      | Killed a troll
  5985 | D:7      | Killed Maggie
  6317 | D:7      | Killed Pikel
  6318 | D:7      | Reached skill level 9 in Shapeshifting
  6318 | D:7      | Reached XP level 10. HP: 68/86 MP: 10/10
  6359 | D:7      | Found a radiant altar of Vehumet.
  6656 | D:7      | Noticed a brown ugly thing
  6897 | D:8      | Noticed Maurice
  6927 | D:8      | Something stole an amulet of faith
  6937 | D:8      | Killed Maurice
  7080 | D:8      | Killed Joseph
  7534 | D:8      | Found a glowing golden altar of the Shining One.
  7583 | D:8      | Reached ** piety under Wu Jian
  7891 | D:9      | Reached skill level 10 in Shapeshifting
  8064 | D:9      | Upgraded the game from 0.31-a0-960-g0fca184906 to
                  | 0.31-a0-963-ga325b2283a
  8520 | D:9      | Found an opulent altar of Gozag.
  8552 | D:9      | Found a stormy altar of Qazlal.
  9183 | D:9      | Reached *** piety under Wu Jian
  9200 | D:9      | Found a glowing silver altar of Zin.
  9229 | D:10     | Entered Level 10 of the Dungeon
  9282 | D:10     | Reached XP level 11. HP: 93/94 MP: 11/11
  9429 | D:10     | Found a staircase to the Orcish Mines.
 10213 | D:11     | Reached **** piety under Wu Jian
 10214 | D:11     | Reached skill level 11 in Shapeshifting
 10278 | D:11     | Found a staircase to the Lair.
 10680 | D:12     | Identified the orb of Lethargy {*Rage, rC+ Int+3}
 10698 | D:12     | Noticed a deep elf pyromancer
 10892 | D:12     | Noticed a cyan ugly thing
 10944 | Gauntlet | Identified the "Emymuul"
 10944 | Lair:1   | Entered Level 1 of the Lair of Beasts
 11243 | Lair:1   | Reached XP level 12. HP: 106/106 MP: 12/12
 11404 | Lair:1   | Learned a level 5 spell: Borgnjor's Vile Clutch
 11474 | Lair:1   | Reached skill level 12 in Shapeshifting
 11624 | Lair:1   | Reached skill level 10 in Fighting
 11888 | Lair:2   | Identified the "Laremu"
 11944 | Lair:2   | Found a staircase to the Shoals.
 12295 | Lair:2   | Found a hole to the Spider Nest.
 12373 | Lair:2   | Reached skill level 1 in Earth Magic
 12415 | Lair:2   | Reached skill level 1 in Spellcasting
 12415 | Lair:2   | Reached skill level 1 in Necromancy
 12479 | Lair:2   | Noticed Urug
 12490 | Lair:2   | Killed Urug
 12967 | Lair:3   | Identified the "Zysizaaps"
 13126 | Lair:3   | Reached skill level 10 in Unarmed Combat
 13416 | Lair:3   | Reached ***** piety under Wu Jian
 13743 | Lair:4   | Noticed a catoblepas
 13752 | Lair:4   | Killed a catoblepas
 13971 | Lair:4   | Noticed a dire elephant
 13971 | Lair:4   | Noticed a dire elephant
 13971 | Lair:4   | Found the +4 Cigotuvi's embrace {Corpsefed rMiasma Drain
                  | rN+}
 13991 | Lair:4   | Found a runed translucent door.
 14109 | Lair:4   | Reached XP level 13. HP: 103/114 MP: 17/17
 14221 | Lair:4   | Reached skill level 13 in Shapeshifting
 15125 | Lair:4   | Killed a dire elephant
 15232 | Lair:4   | Killed a dire elephant
 15417 | Lair:5   | Entered Level 5 of the Lair of Beasts
 15489 | Lair:5   | Reached skill level 5 in Earth Magic
 15833 | Lair:5   | Identified the +1 plate armour of Articulation {rC+ Int+5}
 16098 | Lair:5   | Noticed Rupert
 16315 | Lair:5   | Reached skill level 5 in Necromancy
 16320 | Lair:5   | Learned a level 4 spell: Olgreb's Toxic Radiance
 16447 | Lair:5   | Noticed Sonja
 16451 | Lair:5   | Killed Sonja
 16463 | Lair:5   | Reached XP level 14. HP: 104/125 MP: 20/20
 16471 | Lair:5   | Reached skill level 1 in Poison Magic
 16517 | Lair:5   | Found a staircase to the Slime Pits.
 16656 | Lair:5   | Killed Rupert
 16657 | Lair:5   | Reached skill level 14 in Shapeshifting
 16704 | Lair:5   | Found a viscous altar of Jiyva.
 17257 | D:12     | Reached skill level 5 in Spellcasting
 17379 | D:12     | Identified 3 scrolls of acquirement
 17379 | D:12     | Identified the "Zogifo Huat" (You acquired it on level 12
                  | of the Dungeon)
 17379 | D:12     | Acquired 488 gold pieces
 17538 | D:12     | Reached ****** piety under Wu Jian
 18423 | Orc:1    | Entered Level 1 of the Orcish Mines
 18512 | Orc:1    | Found a frozen archway.
 18616 | IceCv    | Entered an ice cave
 19329 | IceCv    | Identified the +5 dagger of the Mushroom {heavy, +Blink}
 19611 | Orc:2    | Entered Level 2 of the Orcish Mines
 19611 | Orc:2    | Found Utiror's Antique Weapon Shop.
 19640 | Orc:2    | Noticed Jorgrun
 19659 | Orc:2    | Killed Jorgrun
 19841 | Orc:2    | Reached XP level 15. HP: 101/134 MP: 24/24
 19915 | Orc:2    | Found Iteczi's Weapon Boutique.
 19915 | Orc:2    | Found Payvvem's Assorted Antiques.
 19933 | Orc:2    | Bought a scroll labelled SAGHOC ICWU for 34 gold pieces
 19933 | Orc:2    | Bought a blackened bone ring for 170 gold pieces
 20136 | Orc:2    | Found Ibemoir's Distillery.
 20203 | Orc:2    | Found Zioxeg's Book Emporium.
 20222 | Orc:2    | Bought a potion of curing for 45 gold pieces
 20222 | Orc:2    | Bought a potion of curing for 45 gold pieces
 20222 | Orc:2    | Bought a potion of curing for 45 gold pieces
 20222 | Orc:2    | Bought a potion of haste for 150 gold pieces
 20222 | Orc:2    | Bought a potion of enlightenment for 75 gold pieces
 20222 | Orc:2    | Bought a potion of enlightenment for 75 gold pieces
 20222 | Orc:2    | Bought a potion of enlightenment for 75 gold pieces
 20222 | Orc:2    | Bought a potion of might for 60 gold pieces
 20266 | Orc:2    | Found a staircase to the Elven Halls.
 20324 | Orc:2    | Noticed Snorg
 20345 | Orc:2    | Killed Snorg
 20517 | Orc:2    | Noticed Azrael
 20544 | Orc:1    | Reached skill level 10 in Dodging
 20780 | Orc:2    | Killed Azrael
 20860 | Orc:1    | Paralysed by an orc sorcerer for 5 turns
 20974 | Orc:1    | Acquired a book of Annihilations
 20976 | Orc:1    | Acquired a book of Iron
 20984 | Orc:1    | Learned a level 5 spell: Lee's Rapid Deconstruction
 21223 | D:13     | Reached skill level 5 in Poison Magic
 21258 | D:13     | Identified the +3 rapier of Profit {holy, Fly Str+2 Dex+4
                  | SInv}
 21300 | D:13     | Found a radiant altar of Vehumet.
 21301 | D:13     | Found a blossoming altar of Fedhas.
 21301 | D:13     | Found a shimmering altar of Xom.
 21301 | D:13     | Found a snail-covered altar of Cheibriados.
 21517 | D:13     | Found a gate to the Vaults.
 21737 | D:13     | Found Memmepli's Self-Improvement Boutique.
 21745 | D:13     | Bought a manual of Fighting for 1200 gold pieces
 22641 | D:14     | Found Sistroat's General Store.
 23086 | D:14     | Found a white marble altar of Elyvilon.
 23282 | D:15     | Entered Level 15 of the Dungeon
 23354 | D:15     | Found a gate leading to a gauntlet.
 23371 | Gauntlet | Entered a Gauntlet
 23371 | Gauntlet | Found a transporter.
 23371 | Gauntlet | Found a transporter.
 23371 | Gauntlet | Found a transporter.
 23375 | Gauntlet | Found a transporter.
 23376 | Gauntlet | Found a transporter.
 23377 | Gauntlet | Found a large runed translucent door.
 23378 | Gauntlet | Found a large runed translucent door.
 23379 | Gauntlet | Found a large runed translucent door.
 23379 | Gauntlet | Found a large runed translucent door.
 23379 | Gauntlet | Found a runed translucent door.
 23379 | Gauntlet | Found a runed translucent door.
 23380 | Gauntlet | Found a large runed translucent door.
 23380 | Gauntlet | Found a large runed translucent door.
 23380 | Gauntlet | Found a large runed translucent door.
 23380 | Gauntlet | Found a large runed translucent door.
 23381 | Gauntlet | Found a large runed translucent door.
 23382 | Gauntlet | Found a large runed translucent door.
 23383 | Gauntlet | Found a large runed translucent door.
 23383 | Gauntlet | Found a large runed translucent door.
 23384 | Gauntlet | Found a large runed translucent door.
 23384 | Gauntlet | Found a large runed translucent door.
 23384 | Gauntlet | Found a large runed translucent door.
 23384 | Gauntlet | Found a large runed translucent door.
 23388 | Gauntlet | Found a transporter.
 23398 | Gauntlet | Found a runed translucent gate.
 23399 | Gauntlet | Found a runed translucent gate.
 23400 | Gauntlet | Found a runed translucent gate.
 23400 | Gauntlet | Found a transporter.
 23403 | Gauntlet | Found a transporter.
 23404 | Gauntlet | Found a transporter.
 23417 | Gauntlet | Found a transporter.
 23426 | Gauntlet | Found a transporter.
 23549 | Gauntlet | Found a transporter.
 23706 | Gauntlet | Identified the +2 hat "Vut Buvo" {rCorr Str+2}
 23728 | Gauntlet | Identified the +8 long sword of Impermanence {spect, rF+
                  | Str+2 SInv Stlth+}
 23728 | Gauntlet | Identified the ring "Ithagh" {Will+ AC+4}
 23749 | Gauntlet | Identified the +3 trident of Bidghuza {drain, rF+ Str+5}
 23910 | D:15     | Found a staircase to the Depths.
 25018 | D:4      | Killed Eustachio
 25137 | D:7      | Killed Jeremiah
 25379 | Spider:1 | Entered Level 1 of the Spider Nest
 25826 | Spider:1 | Reached XP level 16. HP: 130/144 MP: 25/25
 25856 | Spider:1 | Reached skill level 10 in Earth Magic
 27929 | Spider:3 | Identified the +6 quarterstaff "Secret Weapon" {spect, rF+
                  | Dex+5}
 28454 | Spider:4 | Entered Level 4 of the Spider Nest
 28716 | Spider:4 | Reached skill level 15 in Shapeshifting
 28868 | Spider:4 | Found a large runed translucent door.
 28869 | Spider:4 | Found a large runed translucent door.
 28875 | Spider:4 | Noticed Ofeolo's ghost (adept VSHs)
 29421 | Spider:4 | Reached XP level 17. HP: 154/154 MP: 28/28
 30041 | Spider:4 | Got a gossamer rune of Zot
 30044 | Spider:4 | Identified the +3 hat of the Furies {Regen+ Str-5 Int+8
                  | SInv}
 30328 | Shoals:1 | Entered Level 1 of the Shoals
 30615 | Shoals:1 | Reached skill level 15 in Fighting
 30682 | Shoals:1 | Identified the +0 robe of the Sea {Regen+ Int+3}
 30719 | Shoals:1 | Identified the +3 spear of Integrity {freeze, rC+ Int+2}
 31107 | Shoals:1 | Learned a level 4 spell: Brom's Barrelling Boulder
 31107 | Shoals:1 | Noticed a kraken
 31129 | Shoals:1 | Killed a kraken
 31515 | Shoals:2 | Reached skill level 1 in Conjurations
 32146 | Shoals:2 | Identified the +5 dagger of Ligaam {holy, Int+3 Dex+5}
 32415 | Shoals:3 | Noticed Ilsuiw
 32514 | Shoals:3 | Noticed Mara
 32541 | Shoals:3 | Noticed Turgor's illusion
 32543 | Shoals:3 | Killed Mara
 32809 | Shoals:3 | Killed Ilsuiw
 33281 | Shoals:3 | Reached skill level 10 in Necromancy
 33604 | Shoals:3 | Noticed a kraken
 33613 | Shoals:3 | Killed a kraken
 33614 | Shoals:3 | Reached skill level 16 in Shapeshifting
 33635 | Shoals:3 | Reached XP level 18. HP: 157/163 MP: 7/30
 33753 | Shoals:3 | Identified the +6 rapier of Ru's Hope {freeze, Stlth+}
 33917 | Shoals:4 | Entered Level 4 of the Shoals
 33942 | Shoals:4 | Paralysed by an air elemental for 1 turns
 33944 | Shoals:4 | Paralysed by an air elemental for 1 turns
 33949 | Shoals:4 | Paralysed by an air elemental for 1 turns
 33989 | Shoals:4 | Paralysed by an air elemental for 1 turns
 34004 | Shoals:4 | Paralysed by an air elemental for 1 turns
 34014 | Shoals:4 | Learned a level 2 spell: Sublimation of Blood
 34656 | Shoals:4 | Paralysed by an air elemental for 1 turns
 34660 | Shoals:4 | Paralysed by an air elemental for 1 turns
 34833 | Shoals:4 | Paralysed by an air elemental for 1 turns
 34947 | Shoals:4 | Identified the amulet "Neipoamm" {RegenMP rElec rCorr}
 35119 | Shoals:4 | Got a barnacled rune of Zot
 35182 | Shoals:4 | Identified the +2 leather armour "Vajoil" {-Cast rN+ Dex+3}
 35233 | Shoals:4 | Reached skill level 17 in Shapeshifting
 35460 | Vaults:1 | Entered Level 1 of the Vaults
 35480 | Vaults:1 | Paralysed by a formless jellyfish for 1 turns
 35485 | Vaults:1 | Paralysed by a formless jellyfish for 1 turns
 36103 | Vaults:1 | Reached skill level 15 in Unarmed Combat
 36117 | Vaults:1 | Found a portal to a secret trove of treasure.
 36218 | Vaults:1 | Reached skill level 18 in Shapeshifting
 36218 | Vaults:1 | Reached XP level 19. HP: 170/170 MP: 25/32
 37875 | Vaults:2 | Reached skill level 19 in Shapeshifting
 39089 | Vaults:2 | Found Joasoim's Distillery.
 39097 | Vaults:2 | Bought a potion of curing for 54 gold pieces
 39097 | Vaults:2 | Bought a potion of heal wounds for 90 gold pieces
 39097 | Vaults:2 | Bought a potion of curing for 54 gold pieces
 39165 | Vaults:2 | Identified the "Qyskett" (You acquired it on level 2 of
                  | the Vaults)
 39165 | Vaults:2 | Acquired the ring of Gotovoekk {Int+3 Dex+6 Slay+2}
 39587 | Vaults:3 | Found a staircase to the Crypt.
 39733 | Vaults:3 | Paralysed by a formless jellyfish for 1 turns
 39997 | Vaults:3 | Reached XP level 20. HP: 143/182 MP: 31/33
 40594 | Vaults:3 | Reached skill level 20 in Shapeshifting
 42843 | Crypt:2  | Identified the "Yssya"
 42843 | Depths:1 | Identified the of Famudergh
 42843 | Elf:1    | Entered Level 1 of the Elven Halls
 42856 | Elf:1    | Noticed a shard shrike
 42856 | Elf:1    | Found the +8 frozen axe "Frostbite" {freeze, freezing
                  | cloud, *Noise Fly rC+}
 42863 | Elf:1    | Killed a shard shrike
 43784 | Elf:2    | Found Ivvoqis's Antique Armour Shoppe.
 43788 | Elf:2    | Bought a pair of embroidered boots for 232 gold pieces
 43925 | Elf:2    | Reached skill level 21 in Shapeshifting
 44014 | Elf:2    | Found a runed translucent gate.
 44014 | Elf:2    | Found a runed translucent gate.
 44014 | Elf:2    | Found a runed translucent gate.
 44542 | Elf:2    | Reached XP level 21. HP: 194/196 MP: 34/34
 45145 | Elf:3    | Entered Level 3 of the Elven Halls
 45538 | Elf:3    | Identified the +2 great sword of Harmony {heavy, rCorr}
 45601 | Elf:3    | Identified the +6 sling of Enuirusk {freeze, Str+2}
 45671 | Elf:3    | Identified the +7 hand cannon of Generosity {speed, *Slow
                  | +Blink rCorr Int+6}
 45835 | Elf:3    | Found the +9 scales of the Dragon King {rPois rF+ rC+
                  | Will+}
 45839 | Elf:3    | Identified the +1 cloak of Fun {-Tele Dex+3 Slay+3}
 45876 | Elf:3    | Identified the +0 chain mail "Feonn" {rElec rCorr}
 45887 | Elf:3    | Identified the ring of Tulips {rF+ rC+ Slay+2}
 45891 | Elf:3    | Identified the +6 great sword "Dohu" {flame, Str-3 Dex+3}
 46139 | Elf:3    | Paralysed by an air elemental for 1 turns
 46362 | Elf:3    | Found Miofre's Book Shop.
 46366 | Elf:3    | Bought a book of Party Tricks for 264 gold pieces
 46368 | Elf:3    | Learned a level 1 spell: Apportation
 47092 | Depths:1 | Entered Level 1 of the Depths
 47111 | Depths:1 | Reached skill level 1 in Staves
 47119 | Depths:1 | HP: 9/199 [fire giant/bolt of fire (36)]
 47119 | Depths:1 | Killed from afar by a fire dragon

Illustrated notes

Levels and vault maps discovered:
D:1:      dpeg_arrival_rooms_c, layout_rooms, serial_shops,
          nicolae_shop_pleasant_corner_grove, nicolae_houndstooth_variations
D:2:      layout_basic, uniq_jessica
D:3:      layout_rooms, serial_shops, shop
D:4:      layout_basic, nicolae_stop_n_shop_1, kennysheep_decorative_pillar,
          uniq_eustachio
D:5:      layout_cave_pools, mainiacjoe_overflow_small_starburst,
          temple_statues, nrook_campfire
D:6:      layout_basic, mainiacjoe_overflow_24_doors, grunt_ministairs_9,
          uniq_edmund
D:7:      nicolae_cairo_tiling_large, layout_loops_ring, vehumet_statue,
          uniq_pikel, uniq_maggie, uniq_jeremiah
D:8:      layout_cave_pools, kennysheep_mini_moat, uniq_maurice, uniq_joseph
D:9:      layout_irregular_city, lemuel_coloured_pillars_altar,
          nicolae_overflow_squiral, serial_column_ruins, column_ruins_hut,
          column_ruins_hut_ruined, column_ruins_grid_4,
          column_ruins_open_medium, column_ruins_open_small,
          column_ruins_grid_1, column_ruins_grid_4, eino_jars
D:10:     layout_basic, david_orc_2, serial_aquarium, aquarium_bridge_square
          [aquarium_subvault_bridge, aquarium_subvault_balcony,
          aquarium_subvault_bridge, aquarium_subvault_wall],
          aquarium_bridge_long_joined [aquarium_subvault_window,
          aquarium_subvault_window, aquarium_subvault_bridge,
          aquarium_subvault_bridge, aquarium_subvault_bridge,
          aquarium_subvault_bridge], aquarium_window_1, aquarium_window_fake,
          aquarium_window_fake, aquarium_window_corridor_3, aquarium_view_2b
D:11:     layout_rooms, lair_entry_dummy
D:12:     minmay_isolated_rectangles_in_corner, layout_rooms
D:13:     minmay_the_grid_octo_2x2 [minmay_the_grid_octo_shrine,
          minmay_the_grid_octo_clover, minmay_the_grid_octo_tetromino_candy,
          minmay_the_grid_octo_prize_ultimate_mussel_roller], layout_cave_pools,
          david_vaults_5, palyth_stone_intersect,
          chequers_serial_rivers_micro_e, dreamdust_deal_with_the_devil,
          nicolae_shop_self_help
D:14:     layout_basic, serial_shops, shop, elyvilon_altar_4,
          dreamdust_princess_bridge
D:15:     grunt_enter_depths_magical_seal, layout_basic, gauntlet_entry_generic
Temple:   hellmonk_temple_of_storms
Lair:1:   layout_regular_city, grunt_forest_large_clearings, grunt_megastairs_5,
          lemuel_fruit_tree
Lair:2:   layout_cave_pods, mainiacjoe_shoals_entry_four_pools,
          nicolae_spider_entry_orb_guardian, infiniplex_staircase_pool_2,
          uniq_urug
Lair:3:   layout_gridlike, serial_bayou_shore_a
Lair:4:   gammafunk_lair_enchanted_lake, layout_regular_city,
          serial_bayou_shore_b, serial_bayou_shore_b, serial_bayou_shore_b,
          grunt_megastairs_1
Lair:5:   hangedman_lair_tendril_chambers, layout_cave_pods,
          minmay_slime_entry_oklob_open, uniq_sonja, uniq_rupert
Shoals:1: layout_shoals
Shoals:2: layout_shoals, nicolae_shoals_circle_sea_wall
Shoals:3: nicolae_shoals_deep_elves_summer_vacation, layout_shoals, uniq_mara,
          uniq_ilsuiw
Shoals:4: shoals_end_hellmonk_storm_palace [storm_palace_center_square,
          storm_palace_corner_blocked, storm_palace_corner_reverse_hut,
          storm_palace_corner_pillars, storm_palace_corner_narrow]
Spider:1: layout_cave_pods, drop_trap, nicolae_spider_nooks_and_crannies
Spider:2: layout_spider_delve
Spider:3: layout_spider_delve
Spider:4: hellmonk_spider_rune_endless_swarm, ebering_ghost_disaster_area
Orc:1:    layout_caves, portal_ice_cave_entry_ice_simulacra,
          nicolae_orc_flooded_monolith
Orc:2:    st_orc_town, layout_caves, serial_shops, shop, uniq_jorgrun,
          uniq_azrael, uniq_snorg
Elf:1:    minmay_coctagon, layout_loops_cross, hangedman_elf_disciples
Elf:2:    nicolae_elf_blades_splatter_lattice
          [nicolae_blade_entry_floor_patterns], layout_geoelf_octagon,
          serial_shops, nicolae_shop_back_alley_shop
Elf:3:    minmay_elf_hall_x, layout_loops_corners, serial_shops,
          nicolae_book_shop_shelving, moated_statue
Vaults:1: nicolae_vaults_closet_pinwheel_3, nicolae_vaults_big_angled_halls,
          v_rooms_3, nicolae_vaults_specimen_jars, nicolae_vaults_trapezoid_2,
          nicolae_vaults_trapezoid_lopsided_1, vaults_room_pools,
          nicolae_vaults_tetromino_T_2, nicolae_vaults_trapezoid_lopsided_2,
          v_misc_9, ontoclasm_vaults_pinch, v_misc_27, v_misc_33,
          ontoclasm_vaults_chip, vaults_room_ringed_pool,
          layout_vaults_maze_snakey, nicolae_trove_entry_diagonal
Vaults:2: ontoclasm_vaults_gateway, nicolae_vaults_alarming,
          nicolae_vaults_trapezoid_layered, v_misc_23, vaults_room_door_ring,
          nicolae_vaults_surprise_closet, layout_vaults_quadrants, serial_shops,
          shop
Vaults:3: nicolae_vaults_big_ls, nicolae_vaults_closet_pinwheel_2,
          nicolae_vaults_yaktaur_gun_rack, nicolae_vaults_prndl,
          vaults_mumra_minichess_inversion, nicolae_vaults_mini_display_case,
          nicolae_vaults_double_plus_1, minmay_crypt_entry_simple_box,
          grunt_vaults_focal, v_misc_15, vaults_room_corners,
          nicolae_vaults_double_plus_2, vaults_mumra_chevron,
          layout_vaults_omnicross, uniq_margery
Vaults:4: nicolae_vaults_circle_grid_a, grunt_vaults_bifocal, v_misc_5,
          nicolae_vaults_shelves_hall, v_alt_pattern_4, vaults_room_corners,
          nicolae_vaults_tetromino_T_2, nicolae_vaults_cornered_office,
          nicolae_vaults_three_branches, nicolae_vaults_six-pack,
          nicolae_vaults_little_squares_6, nicolae_vaults_tetromino_Z_1,
          layout_vaults_ring
Depths:1: layout_cave_pools, enter_ziggurat_b, lightli_too_deep,
          nicolae_qazlal_scattered_showers, evilmike_spriggan_trog_shrine

Skill      XL: |  1  2  3  4  5  6  7  8  9 10 11 12 13 14 15 16 17 18 19 20 21 |
---------------+----------------------------------------------------------------+-----
Dodging        | 2 3 4 5 6 7 8 9 10 11 12 | 12.4
Fighting       | 2 3 4 5 7 8 9 10 11 12 13 14 15 16 18 19 | 19.7
Shapeshifting  | 4 5 6 7 9 10 11 12 13 14 15 16 18 19 21 | 21.8
Unarmed Combat | 4 5 6 7 8 9 10 11 12 13 15 16 17 18 | 18.0
Earth Magic    | 3 6 8 9 11 12 | 12.0
Spellcasting   | 2 4 6 7 8 9 |  9.0
Necromancy     | 3 5 6 8 9 10 | 10.0
Poison Magic   | 4 6 8 9 |  9.0
Conjurations   | 4 |  4.0
Staves         | 1 |  1.1

Action                     |  1- 3 |  4- 6 |  7- 9 | 10-12 | 13-15 | 16-18 | 19-21 || total
---------------------------+-------+-------+-------+-------+-------+-------+-------++-------
  Melee: Unarmed           |    79 |   151 |   287 |   921 |  1787 |  1990 |  1221 ||  6436
         Tailslap          |     7 |    24 |    59 |   183 |   385 |   372 |   296 ||  1326
         Punch             |       |     2 |     7 |     1 |       |   193 |   182 ||   385
         Maw               |       |       |       |       |       |   649 |   507 ||  1156
         Staff             |       |       |       |       |       |       |    61 ||    61
  Throw: Dart              |       |     3 |     2 |       |       |     4 |       ||     9
   Cast: Lee's Rapid Decon |       |       |       |       |     2 |       |     3 ||     5
         Olgreb's Toxic Ra |       |       |       |       |       |    66 |   126 ||   192
         Brom's Barrelling |       |       |       |       |       |    38 |    52 ||    90
         Borgnjor's Vile C |       |       |       |       |       |     4 |     2 ||     6
         Sublimation of Bl |       |       |       |       |       |    10 |     5 ||    15
 Invoke: Serpent's Lash    |       |       |       |       |     5 |    10 |    11 ||    26
         Heavenly Storm    |       |       |       |       |     1 |     3 |     5 ||     9
Ability: Lunge             |       |       |    14 |    39 |    66 |   126 |   110 ||   355
         Whirlwind         |       |       |       |    25 |   134 |   245 |   242 ||   646
         Wall Jump         |       |       |       |     6 |    44 |    43 |     2 ||    95
  Evoke: Wand              |       |       |     5 |    29 |    35 |     5 |     2 ||    76
         Lightning rod     |       |       |       |       |    11 |     3 |       ||    14
         Sack of spiders   |       |       |       |       |     3 |     1 |     1 ||     5
         Tin of tremorston |       |       |       |       |     2 |     2 |     3 ||     7
         Phantom mirror    |       |       |       |       |       |     1 |       ||     1
         Phial of floods   |       |       |       |       |       |       |     1 ||     1
    Use: Scroll            |       |     3 |     4 |     8 |    22 |    12 |     5 ||    54
         Potion            |       |     4 |     2 |     1 |     9 |    16 |     3 ||    35
   Stab: Invisible         |       |     1 |       |     5 |     3 |     1 |       ||    10
         Held in net/web   |       |       |       |     1 |       |       |       ||     1
         Sleeping          |       |       |       |       |       |     2 |     6 ||     8
         Distracted        |       |       |       |       |       |     3 |     4 ||     7
 Armour: Skin              |    43 |    95 |   160 |   492 |   942 |  1475 |   737 ||  3944
  Dodge: Dodged            |    48 |    62 |   154 |   574 |  1209 |  1772 |   904 ||  4723
   Form: Flux              |       |       |     1 |       |     1 |       |       ||     2
         Anaconda          |       |       |       |       |     1 |       |       ||     1
         Maw               |       |       |       |       |       |     2 |       ||     2
         Blade             |       |       |       |       |       |     1 |       ||     1

Table legend: (Time is in decaauts)
 A = Elapsed time spent in this place.
 B = Non-inter-level travel time spent in this place.
 C = Inter-level travel time spent in this place.
 D = Time resting spent in this place.
 E = Time spent auto-exploring this place.
 F = Levels seen in this place.
 G = Mean time per level.
                   A        B        C        D        E       F      G
               +--------+--------+--------+--------+--------+-----+--------+
         Total |  46251 |  43121 |   3130 |   4811 |  23902 |  41 | 1128.1 |
       Dungeon |  16335 |  14857 |   1478 |   2448 |   8277 |  15 | 1089.0 |
        Temple |     30 |     16 |     14 |      0 |      0 |   1 |   30.0 |
          Lair |   6400 |   5911 |    489 |    136 |   3850 |   5 | 1280.0 |
        Shoals |   4812 |   4638 |    174 |    377 |   2353 |   4 | 1203.0 |
   Spider Nest |   4799 |   4572 |    227 |    529 |   2208 |   4 | 1199.8 |
  Orcish Mines |   1833 |   1700 |    133 |    133 |    770 |   2 |  916.5 |
   Elven Halls |   4008 |   3647 |    361 |    271 |   2418 |   3 | 1336.0 |
        Vaults |   6853 |   6602 |    251 |    634 |   4026 |   4 | 1713.2 |
        Depths |     29 |     29 |      0 |      0 |      0 |   1 |   29.0 |
      Ice Cave |    770 |    770 |      0 |    280 |      0 |   1 |  770.0 |
      Gauntlet |    377 |    377 |      0 |      0 |      0 |   1 |  377.0 |
               +--------+--------+--------+--------+--------+-----+--------+

Top non-repeatable levels by time:
Vaults:2: 1843 daAuts
     D:6: 1740 daAuts
    D:13: 1723 daAuts
  Lair:4: 1720 daAuts
Vaults:1: 1718 daAuts
   Elf:3: 1710 daAuts
Vaults:3: 1672 daAuts
  Lair:5: 1648 daAuts
Vaults:4: 1618 daAuts
Spider:4: 1587 daAuts
Shoals:3: 1516 daAuts
   Elf:2: 1474 daAuts
Spider:1: 1391 daAuts
Shoals:4: 1321 daAuts
     D:9: 1311 daAuts
